 Dungeon Crawl Stone Soup version 0.19.5 (webtiles) character file.

87 JeffiDaFish the Shield-Bearer (level 4, 0/29 HPs)
             Began as a Gargoyle Fighter on Sept 13, 2017.
             Slain by a gnoll (3 damage)
             ... on level 2 of the Dungeon.
             The game lasted 00:02:33 (940 turns).

JeffiDaFish the Shield-Bearer (Gargoyle Fighter)     Turns: 940, Time: 00:02:33

Health: 0/29       AC: 11    Str: 24    XL:     4   Next: 51%
Magic:  4/4        EV:  7    Int:  9    God:
Gold:   100        SH:  9    Dex: 10    Spells: 0 memorised, 3 levels left

rFire  . . .     SeeInvis .     a - +0 flail
rCold  . . .     Gourm    .     b - +0 scale mail
rNeg   + . .     Faith    .     c - +0 shield
rPois  ∞         Spirit   .     (no helmet)
rElec  +         Reflect  .     e - +0 cloak
rCorr  .         Harm     .     (no gloves)
MR     .....                    (no boots)
Stlth  ..........               (no amulet)
                                (no ring)
                                (no ring)

@: mighty
A: negative energy resistance 1, electricity resistance, unbreathing,
petrification resistance, rot immunity, AC +3
a: no special abilities


You were on level 2 of the Dungeon.
You were not hungry.

You visited 1 branch of the dungeon, and saw 2 of its levels.

You collected 100 gold pieces.

Inventory:

Hand Weapons
 a - a +0 flail (weapon)
Armour
 b - a +0 scale mail (worn)
 c - a +0 shield (worn)
 e - a +0 cloak (worn)
Comestibles
 f - a bread ration
 g - a chunk of flesh


   Skills:
 + Level 3.8 Fighting
 + Level 2.6 Maces & Flails
 + Level 4.1 Armour
 + Level 0.4 Dodging
 + Level 4.1 Shields


You had 3 spell levels left.
You didn't know any spells.

Dungeon Overview and Level Annotations

Branches:
Dungeon (2/15)

Altars:
Zin

Shops:
D:2 *


Innate Abilities, Weirdness & Mutations

You are resistant to torment.
Your stone body is resilient. (AC +3)
You are immune to poison.
You resist negative energy. (rN+)
You are resistant to electric shocks. (rElec)
You can survive without breathing.
You are immune to petrification.
You are immune to rotting.


Message History

The gnoll is almost dead.
You block the gnoll's attack. x2; The gnoll hits you but does no damage.
You block the gnoll's attack.
You hit the gnoll.
The gnoll is almost dead.
You block the gnoll's attack.
The gnoll hits you from afar with a spear.
* * * LOW HITPOINT WARNING * * *
You barely miss the gnoll.
The gnoll is almost dead.
The gnoll hits you but does no damage. You block the gnoll's attack.
The gnoll hits you but does no damage.
You barely miss the gnoll.
The gnoll is almost dead.
The gnoll closely misses you. The gnoll hits you but does no damage.
You block the gnoll's attack.
You hit the gnoll but do no damage.
The gnoll is almost dead.
The gnoll hits you.
You die...

*,* *,,,,,,,* #.# #......... *,*
*,****,,* #.# #.#.#.#... *,* *,*
*,,* #.# #......... *,* *,* #,,*
#.# ##..#.#....
*,****,*###..######.###...<....∩.
*,,,,,,,..................#.#....
******,*########.##.#####.#......
*,* #.##.# ##..#.#... *,*
#@##.####....##.#.
*,****#####g##............#.
*,,,,,,...#g#######...###...
***####.#[#w### ##.## ###.
*...........# *#.#* #.
*.####w####.# *...****##
*,**..,,,**.# #..[,,,,,*
*,#..,,,,,*,# #...****,*
*,#.,,,,,,*,** ##### *,*


You could see a worm and 2 gnolls.

Vanquished Creatures
  5 adders (D:2)
  A gnoll (D:2)
  A worm (D:2)
  2 dart slugs (D:1)
  A leopard gecko (D:1)
  3 giant cockroaches
  2 goblins (D:1)
  5 hobgoblins
  2 jackals (D:2)
  A quokka (D:2)
  2 kobolds
25 creatures vanquished.

Notes
Turn   | Place    | Note
-------+----------+-------------------------------------------
     0 | D:1      | JeffiDaFish the Gargoyle Fighter began the quest for the Orb.
     0 | D:1      | Reached XP level 1. HP: 14/14 MP: 1/1
   111 | D:1      | Reached XP level 2. HP: 19/19 MP: 2/2
   494 | D:2      | Reached XP level 3. HP: 11/23 MP: 3/3
   711 | D:2      | Found Zin's Purification Station.
   718 | D:2      | Found a glowing silver altar of Zin.
   741 | D:2      | Reached XP level 4. HP: 19/29 MP: 4/4
   940 | D:2      | Slain by a gnoll

Skill      XL: |  1  2  3  4 |
---------------+-------------+-----
Armour         | 4 |  4.1
Shields        | 4 |  4.1
Fighting       | |  3.8
Maces & Flails | |  2.6
Dodging        | |  0.4

Action                   |  1- 3 |  4- 6 || total
-------------------------+-------+-------++-------
Melee: Flail             |    88 |    54 ||   142
  Use: Scroll            |     3 |     1 ||     4
       Potion            |     1 |     1 ||     2
Armor: Scale mail        |    45 |    57 ||   102
Dodge: Dodged            |    32 |    21 ||    53
Block: Shield            |    47 |    54 ||   101
